 Dungeon Crawl Stone Soup version 0.23-b1-70-gd12f7cf (webtiles) character file.

Game seed: 9469987720794161786

42 Yuikono the Sneak (level 3, -2/19 HPs)
             Began as a Spriggan Abyssal Knight on Feb 6, 2019.
             Was a Believer of Lugonu.
             Slain by Natasha (5 damage)
             ... on level 2 of the Dungeon.
             The game lasted 00:05:07 (2260 turns).

Yuikono the Sneak (Spriggan Abyssal Knight)         Turns: 2260, Time: 00:05:08

Health: -2/19      AC:  2    Str:  8    XL:     3   Next: 35%
Magic:  5/5        EV: 19    Int: 13    God:    Lugonu [**....]
Gold:   120        SH:  0    Dex: 16    Spells: 2/2 levels left

rFire    . . .     SeeInvis +   g - +0 dagger
rCold    . . .     Gourm    .   (shield restricted)
rNeg     . . .     Faith    .   b - +0 robe
rPois    .         Spirit   .   (helmet restricted)
rElec    .         Reflect  .   (no cloak)
rCorr    .         Harm     .   (gloves unavailable)
MR       .....                  (boots unavailable)
Stlth    +++.......             (no amulet)
HPRegen  0.06/turn              (no ring)
MPRegen  0.09/turn              (no ring)

@: very quick
A: very small, unfitting armour, see invisible, herbivore, speed 3, slow
metabolism 2
a: Depart the Abyss, Bend Space, Renounce Religion


You were on level 2 of the Dungeon.
You worshipped Lugonu.
Lugonu was pleased with you.
You were not hungry.

You visited 1 branch of the dungeon, and saw 2 of its levels.
You visited the Abyss 1 time.

You collected 120 gold pieces.

Inventory:

Hand Weapons
 a - a +1 short sword
 g - a +0 dagger (weapon)
Missiles
 i - 28 stones (quivered)
 k - 12 sling bullets
Armour
 b - a +0 robe (worn)
Scrolls
 l - a scroll of blinking {unknown}
 m - a scroll of identify {unknown}
 n - a scroll of teleportation {unknown}
Potions
 d - a potion of cancellation {unknown}
 e - a potion of mutation {unknown}
 f - a potion of might {unknown}
 h - a potion of ambrosia {unknown}
 j - a potion of lignification {unknown}
Comestibles
 c - a ration


   Skills:
 - Level 2.4 Fighting
 - Level 2.1 Short Blades
 - Level 3.5 Dodging
 + Level 5.0 Stealth
 - Level 1.7 Invocations


You had 2 spell levels left.
You didn't know any spells.
Your spell library was empty.

Dungeon Overview and Level Annotations

Branches:
Dungeon (2/15)

Altars:

Annotations:
D:2 Natasha


Innate Abilities, Weirdness & Mutations

You are very small and have problems with some larger weapons.
You are too small for most types of armour.
You have supernaturally acute eyesight. (SInv)
You are a herbivore.
You cover ground extremely quickly.
You need to consume almost no food.


Message History

Natasha is lightly wounded.
Natasha mumbles some strange words.
You hit Natasha.
Natasha is moderately wounded.
You hit Natasha but do no damage.
Natasha is moderately wounded.
Natasha stares at you and mumbles some strange words.
The magic dart hits you.
You hit Natasha.
Natasha is heavily wounded.
Natasha extends her claws.
Natasha claws you.
You hit Natasha.
Natasha is severely wounded.
Natasha claws you!
* * * LOW HITPOINT WARNING * * *
You hit Natasha.
Natasha is almost dead.
Natasha claws you.
You die...

#.# #.# #.#
#.# ##.## #
####...##.####
#....#.......#
#.##...##.##.#
# ##@## #
...(.5h.#
###.###.# #'#
... ... ...
.....


You could see Natasha and a crimson imp.

Vanquished Creatures
  An adder (D:2)
  4 leopard geckos
  5 goblins
  5 hobgoblins (D:1)
  3 kobolds (D:1)
  3 bats
  2 frilled lizards (D:1)
  5 rats
28 creatures vanquished.

Notes
Turn   | Place    | Note
-------+----------+-------------------------------------------
     0 | Abyss:1  | Yuikono the Spriggan Abyssal Knight began the quest for the
                  | Orb.
     0 | Abyss:1  | Reached XP level 1. HP: 11/11 MP: 3/3
   114 | D:1      | Escaped the Abyss
   174 | D:1      | Reached skill level 1 in Stealth
   467 | D:1      | Reached skill level 2 in Stealth
   777 | D:1      | Reached skill level 3 in Stealth
   777 | D:1      | Reached XP level 2. HP: 6/16 MP: 4/4
  1787 | D:1      | Reached skill level 4 in Stealth
  1964 | D:1      | Reached ** piety under Lugonu
  2036 | D:2      | Reached XP level 3. HP: 18/19 MP: 5/5
  2128 | D:2      | Reached skill level 5 in Stealth
  2248 | D:2      | Noticed Natasha
  2260 | D:2      | Slain by Natasha

Skill      XL: |  1  2  3 |
---------------+----------+-----
Stealth        | 3 4 5 |  5.0
Fighting       | |  2.4
Short Blades   | |  2.1
Dodging        | |  3.5
Invocations    | |  1.7

Action                   || total
-------------------------++-------
Melee: Dagger            ||   175
       Short sword       ||    20
Throw: Stone             ||     8
 Stab: Sleeping          ||     6
Armor: Robe              ||     7
Dodge: Dodged            ||   131
